 Dungeon Crawl Stone Soup version 0.20-a0-901-g27f6fa8 (webtiles) character file.

376155 pichaelthompson the Peltast (level 21, -2/174 HPs)
             Began as a Demonspawn Berserker on Mar 17, 2017.
             Was the Champion of Trog.
             Killed by the air
             ... invoked by a titan
              (34 damage)
             ... on level 5 of the Vaults on Mar 19, 2017.
             The game lasted 04:53:47 (48275 turns).

pichaelthompson the Peltast (Demonspawn Berserker) Turns: 48275, Time: 04:53:48

Health: -2/174     AC: 36    Str: 37    XL:     21   Next: 80%
Magic:  21/21      EV:  7    Int: 10    God:    Trog [******]
Gold:   1701       SH: 44    Dex: 35    Spells: 20/20 levels left

rFire    . . .     SeeInvis +   l - +7 demon trident of Mourning {venom, Dex+5 SInv}
rCold    . . .     Gourm    .   u - +5 crystal plate armour {rC+}
rNeg     . . .     Faith    +   J - +9 large shield of Leoclued {-Tele +Fly rElec Int+4}
rPois    .         Spirit   .   M - +1 hat {MR+}
rElec    +         Reflect  .   K - +1 cloak
rCorr    +         Harm     .   W - +2 pair of gloves of Relativism {rElec rC- rCorr Int+3}
MR       ++...     NoTele   +   d - +0 pair of boots
Stlth    ..........             E - amulet of the Lost Beds {Faith Str+7 Int-5 Dex+10 Stlth-}
Regen    4.4/turn               S - +4 ring of strength
MPRegen  0.2/turn               y - +5 ring of strength

@: exhausted, slowed, constricted, drained, very slow
A: horns 2, large bone plates 3, demonic guardian 1, powered by death 3,
augmentation 1
}: 2/15 runes: barnacled, gossamer
a: Berserk, Trog's Hand, Brothers in Arms, Burn Spellbooks, Renounce Religion,
Evoke Flight


You were on level 5 of the Vaults.
You worshipped Trog.
Trog was exalted by your worship.
You were not hungry.

You visited 7 branches of the dungeon, and saw 37 of its levels.
You also visited: Sewer and Ice Cave.

You collected 4187 gold pieces.
You spent 2486 gold pieces at shops.

Inventory:

Hand Weapons
 l - the +7 demon trident of Mourning (weapon) {venom, Dex+5 SInv}
   (You found it in an ice cave)

   It poisons the flesh of those it strikes.
   It affects your dexterity (+5).
   It lets you see invisible.
 H - the +4 war axe "Papoegif" {antimagic, MR+}
   (You bought it in a shop on level 3 of the Vaults)

   It reduces the magical energy of the wielder, and disrupts the spells and
   magical abilities of those hit.
   Natural abilities and divine invocations are not affected.
   It affects your resistance to hostile enchantments.
 N - the +7 war axe "Lyxum" {speed, +Rage +Inv rN+ SInv}
   (You bought it in a shop on level 2 of the Orcish Mines)

   Attacks with this weapon are significantly faster.
   It protects you from negative energy.
   It lets you see invisible.
   It lets you turn invisible.
   It lets you go berserk.
Armour
 d - a +0 pair of boots (worn)
 u - a +5 crystal plate armour of cold resistance (worn)
 w - a +2 buckler of cold resistance
 J - the +9 large shield of Leoclued (worn) {-Tele +Fly rElec Int+4}
   (You found it on level 2 of the Vaults)

   It affects your intelligence (+4).
   It insulates you from electricity.
   It lets you fly.
   It prevents most forms of teleportation.
 K - a +1 cloak (worn)
 M - a +1 hat of magic resistance (worn)
 W - the +2 pair of gloves of Relativism (worn) {rElec rC- rCorr Int+3}
   (You found it on level 1 of the Lair of Beasts)

   It affects your intelligence (+3).
   It makes you vulnerable to cold.
   It insulates you from electricity.
   It protects you from acid and corrosion.
Jewellery
 a - an uncursed ring of protection from magic
 t - the amulet of Vitality {Regen+ HP+15}
   (You bought it in a shop on level 9 of the Dungeon)

   [amulet of regeneration]

   It affects your health (+15).
   It increases your rate of regeneration.
 y - a +5 ring of strength (left hand)
 E - the amulet of the Lost Beds (around neck) {Faith Str+7 Int-5 Dex+10 Stlth-}
   (You found it on level 4 of the Vaults)

   [amulet of faith]

   It allows you to gain divine favour quickly.
   It affects your strength (+7).
   It affects your intelligence (-5).
   It affects your dexterity (+10).
   It makes you less stealthy.
 S - a +4 ring of strength (right hand)
Wands
 s - a wand of digging (14/24)
 G - a wand of iceblast (2/15)
 V - a wand of lightning (6/15)
Scrolls
 g - 14 scrolls of recharging
 h - 3 scrolls of fear
 j - 10 scrolls of teleportation
 p - 4 scrolls of enchant weapon
 r - 2 scrolls of brand weapon
 x - 6 scrolls of blinking
 A - 4 scrolls of fog
 D - 3 scrolls of identify
 P - a scroll of silence
 T - 2 scrolls of magic mapping
 U - 3 scrolls of remove curse
Potions
 b - 15 potions of curing
 e - 2 potions of cancellation
 f - a potion of invisibility
 i - 9 potions of brilliance
 k - 9 potions of ambrosia
 m - a potion of berserk rage
 n - 7 potions of mutation
 o - a potion of heal wounds
 v - a potion of resistance
 z - 6 potions of flight
 B - 8 potions of lignification
 C - 2 potions of magic
 F - 2 potions of haste
 O - 4 potions of agility
Comestibles
 c - 25 bread rations
 q - 28 royal jellies
 L - a meat ration


   Skills:
 + Level 17.1(16.3) Fighting
   Level 4.9(4.4) Long Blades
 + Level 10.7(15.0) Axes
   Level 11.2(12.2) Maces & Flails
 + Level 15.7(16.1) Polearms
 + Level 13.8(13.2) Armour
 + Level 5.0(4.5) Dodging
 + Level 6.3(5.7) Stealth
 + Level 19.1(18.3) Shields


You had 20 spell levels left.
You didn't know any spells.

Dungeon Overview and Level Annotations

Branches:
Dungeon (15/15)            Temple (0/1) D:4            Lair (6/6) D:8
 Shoals (4/4) Lair:2       Spider (4/4) Lair:4        Slime (0/5) Lair:5
    Orc (2/2) D:10            Elf (0/3) Orc:2        Vaults (5/5) D:13
  Crypt (0/3) Vaults:3     Depths (1/5) D:15

Altars:
Ashenzari
Cheibriados
Dithmenos
Elyvilon
Fedhas
Gozag
Okawaru
Qazlal
Sif Muna
Uskayaw
Vehumet
Xom
Zin
The Shining One
Beogh
Jiyva

Shops:
D:4 =   D:5 (   D:6 :   D:9 :**[   D:15 [   Orc:1 :   Orc:2 (%(*   Shoals:4 %
Vaults:1 %   Vaults:2 (   Vaults:3 *

Portals:
Hell: Depths:1
Abyss: Depths:1


Innate Abilities, Weirdness & Mutations

You have a pair of horns on your head.
You are completely covered in large bone plates. (SH +8)
A weak demonic guardian rushes to your aid.
You regenerate a lot of health from kills.
Your magical and physical power is slightly enhanced at high health.


Message History

The tengu reaver pecks you but does no damage.
The tengu reaver barely misses you.
The war gargoyle hits you but does no damage.
The sphinx hits you but does no damage. x2; The sphinx hits you.
* * * LOW HITPOINT WARNING * * *
You block the yaktaur captain's attack.
You hear a shout! x5
A battlesphere comes into view.
You feel much better.
You block the shadow dragon's attack. x2
The shadow dragon claws you.
* * * LOW HITPOINT WARNING * * *
You block the tentacled monstrosity's attack.
The tentacled monstrosity tentacle-slaps you.
* * * LOW HITPOINT WARNING * * *
The tentacled monstrosity tentacle-slaps you but does no damage.
* * * LOW HITPOINT WARNING * * *
The tentacled monstrosity constricts you.
The titan waves its arms in wide circles.
The air twists around and strikes you!
You die...

.#..#....#....
#.#c#....#...
...........
###.p......####
...............
......CcC......
.....pXD9W.....
.....cH@CH.....
###m.cQCc..####
#.Q**pc.5.....
#...#....#.....
.#. #....#.....
# #....# ....
#....# ..#
#....# ...


You could see a shadow dragon, a tentacled monstrosity, a titan, 2 frost giants,
a sphinx, a vault warden, 2 tengu reavers, 6 yaktaur captains, an ettin, a
merfolk shaped shifter, a war gargoyle, 2 vault sentinels, a freezing wraith, a
harpy, 2 battlespheres and a friendly quasit.

Vanquished Creatures
  Boris (Vaults:2)
  Bai Suzhen (Shoals:3)
  The ghost of Flapstick the Hoplite, an adept MiBe of Trog (Vaults:5)
  Jory (Vaults:5)
  A golden dragon (Vaults:5)
  Jorgrun (Depths:1)
  A hellephant (Depths:1)
  2 krakens
  2 sphinxes
  Kirke (Lair:6)
  2 tengu reavers
  Ilsuiw (Shoals:4)
  3 fire giants
  An orc warlord (Orc:2)
  3 deep elf sorcerers
  A frost giant (Vaults:4)
  Louise (Spider:4)
  6 ghost moths
  7 emperor scorpions
  A ghoul (Vaults:3)
  12 vault wardens
  Aizul (Vaults:2)
  14 ironheart preservers
  A reaper (IceCv)
  11 stone giants
  3 entropy weavers
  3 very ugly things (Depths:1)
  A deep elf annihilator (Vaults:4)
  A deep elf demonologist (Vaults:3)
  The ghost of blobert the Fighter, a journeyman GrFi of Okawaru (D:12)
  3 spark wasps
  Snorg (Lair:3)
  8 merfolk impalers
  4 ettins
  A crystal guardian (Vaults:3)
  4 fire dragons
  3 merfolk javelineers
  An eidolon (Vaults:3)
  10 yaktaur captains
  42 vault guards
  Erolcha (D:11)
  4 ice dragons
  A catoblepas (D:15)
  Harold (D:11)
  5 hydras
  6 rakshasas
  Erica (D:8)
  The ghost of Zitu the Bludgeoner, a journeyman DrAK of Lugonu (D:11)
  An anaconda (shapeshifter) (D:15)
  8 merfolk aquamancers
  41 two-headed ogres
  2 satyrs
  10 ogre magi
  3 merfolk avatars
  5 centaur warriors
  3 deep troll shamans
  4 death yaks (Lair:6)
  4 tengu warriors
  5 orc high priests
  2 skeletal warriors
  An iron troll (Depths:1)
  3 deep elf knights
  A fire crab (Lair:5)
  A shadow wraith (Vaults:4)
  10 sea snakes
  2 glowing orange brains (shapeshifter)
  16 deep trolls
  A flayed ghost (Vaults:2)
  A swamp dragon (shapeshifter) (D:15)
  4 deep elf archers
  2 unseen horrors (D:12)
  3 wizards
  A phantasmal warrior (Vaults:3)
  14 ironbrand convokers
  15 orc knights
  3 glowing orange brains
  2 lindwurms (Lair:6)
  15 harpies
  2 necromancers (Depths:1)
  33 ugly things
  20 orb spiders
  14 fauns
  11 deep elf magi
  19 manticores
  A cyclops (shapeshifter) (Vaults:3)
  7 orc sorcerers
  34 wolf spiders
  12 cyclopes
  8 elephants
  3 moths of wrath
  A guardian serpent (Lair:6)
  12 black mambas
  12 merfolk sirens
  6 water nymphs
  11 vault sentinels
  7 torpor snails
  23 spiny frogs
  3 gargoyles
  3 ice statues
  5 rime drakes
  A yaktaur (shapeshifter) (Vaults:4)
  A komodo dragon (shapeshifter) (Vaults:3)
  3 freezing wraiths
  2 efreet
  55 yaktaurs
  14 demonic crawlers
  A kobold demonologist (D:14)
  4 komodo dragons
  6 ice devils
  2 tengu conjurers
  4 tyrant leeches (Lair:6)
  3 meliai (Lair:5)
  A harpy zombie (D:15)
  A queen bee (Lair:5)
  35 jumping spiders
  9 trolls
  2 polar bears
  A shadow dragon simulacrum (Depths:1)
  23 merfolk
  A sphinx simulacrum (Vaults:3)
  A hornet (shapeshifter) (D:14)
  15 hippogriffs
  5 wind drakes (Shoals:4)
  26 hornets
  A spriggan zombie (Depths:1)
  7 snapping turtles
  20 blink frogs
  Grinder (D:4)
  A frost giant simulacrum (Vaults:2)
  Prince Ribbit (D:8)
  A dream sheep (shapeshifter) (Vaults:2)
  22 dream sheep
  A raiju (shapeshifter) (Vaults:4)
  15 slime creatures
  8 water elementals
  62 redbacks
  A yak (shapeshifter) (Vaults:2)
  3 wraiths
  A spriggan skeleton (Depths:1)
  A human (D:7)
  2 shadows (D:13)
  22 yaks
  A spriggan (shapeshifter) (Vaults:1)
  A tarantella (shapeshifter) (Vaults:4)
  17 wyverns
  16 tarantellas
  5 basilisks
  4 hogs (D:7)
  3 hungry ghosts
  Eustachio (D:5)
  2 human simulacra (Vaults:3)
  10 wargs
  18 water moccasins
  A human zombie (Depths:1)
  13 porcupines
  A floating eye (shapeshifter) (Depths:1)
  A deep troll simulacrum (Depths:1)
  68 orc warriors
  4 sky beasts
  An eye of draining (shapeshifter) (Depths:1)
  16 ice beasts
  A black bear (Lair:1)
  A hornet zombie (D:14)
  A necrophage (D:10)
  A phantom (D:4)
  11 boggarts
  11 centaurs
  35 ogres
  15 wolves
  9 crocodiles
  2 big kobolds
  25 bullfrogs
  3 scorpions
  21 wights
  31 killer bees
  3 electric eels
  2 jellies
  3 bullfrog zombies
  2 howler monkeys
  A centaur zombie (D:8)
  8 crimson imps
  A quasit (D:15)
  5 hounds
  5 centaur skeletons
  A gnoll shaman (D:9)
  30 orc priests
  Crazy Yiuf (D:6)
  29 orc wizards
  3 bullfrog skeletons
  Jessica (D:8)
  An iguana (D:7)
  4 hell rats (Lair:2)
  12 worker ants
  A howler monkey zombie (D:9)
  13 adders
  9 gnolls
  A river rat (D:3)
  2 shadow imps
  8 white imps
  10 ufetubi
  3 worms
  2 adder skeletons
  4 dart slugs
  5 leopard geckos
  126 orcs
  8 bats
  13 giant cockroaches
  7 hobgoblins
  16 jackals
  8 quokkas
  6 ball pythons
  11 frilled lizards
  8 goblins
  15 kobolds
  A leopard gecko skeleton (D:5)
  7 rats
  2 fungi (Lair:5)
  25 plants
  8 tentacles
1780 creatures vanquished.

Vanquished Creatures (collateral kills)
  A merfolk impaler (Shoals:4)
  A merfolk aquamancer (Shoals:4)
  6 two-headed ogres
  An ugly thing (D:15)
  A wolf spider (Spider:2)
  A yaktaur (Vaults:4)
  A troll (Orc:2)
  A hippogriff (Shoals:1)
  2 blink frogs
  3 yaks
  A wyvern (Lair:6)
  A water elemental (Shoals:4)
  An orc warrior (D:8)
  2 ice beasts (Lair:6)
  A phantom (D:6)
  A sky beast (D:7)
  2 ogres
  A boggart (Vaults:1)
  A centaur (D:7)
  A bullfrog (D:11)
  A scorpion (D:4)
  A killer bee (D:9)
  A wight (D:6)
  A howler monkey (D:8)
  An orc priest (Orc:2)
  An orc wizard (D:8)
  An adder (D:10)
  A white imp (Lair:6)
  7 orcs
45 creatures vanquished.

Vanquished Creatures (others)
  A tengu conjurer (Depths:1)
  7 humans (Lair:6)
  An orc warrior (D:15)
  An ice beast (Lair:6)
  A boggart (D:15)
  5 white imps (IceCv)
  2 ufetubi (IceCv)
  11 fungi
  19 plants
  7 tentacles
55 creatures vanquished.

Grand Total: 1880 creatures vanquished

Notes
Turn   | Place    | Note
-------+----------+-------------------------------------------
     0 | D:1      | pichaelthompson the Demonspawn Berserker began the quest for the Orb.
     0 | D:1      | Reached XP level 1. HP: 18/18 MP: 1/1
   226 | D:1      | Gained mutation: You are partially covered in large bone plates. (SH +4) [demonic ancestry]
   226 | D:1      | Reached XP level 2. HP: 24/24 MP: 2/2
   579 | D:1      | Reached XP level 3. HP: 29/29 MP: 3/3
   689 | D:2      | Found an opulent altar of Gozag.
   689 | D:2      | Found a stormy altar of Qazlal.
   691 | D:2      | Found a glowing silver altar of Zin.
   828 | D:2      | Reached skill level 1 in Maces & Flails
   866 | D:2      | Reached ** piety under Trog
   902 | D:2      | Found a glowing golden altar of the Shining One.
  1050 | D:2      | Found an iron altar of Okawaru.
  1368 | D:2      | Reached XP level 4. HP: 36/37 MP: 4/4
  1427 | D:2      | Found a snail-covered altar of Cheibriados.
  2109 | D:3      | Reached XP level 5. HP: 42/42 MP: 5/5
  2136 | D:3      | Found a glowing drain.
  2186 | Sewer    | Entered a sewer
  2224 | Sewer    | HP: 3/63 [ball python (1)]
  2224 | Sewer    | HP: 1/63 [leopard gecko (2)]
  2661 | Sewer    | Reached *** piety under Trog
  2786 | Sewer    | Reached skill level 1 in Shields
  2797 | Sewer    | Gained mutation: You are mostly covered in large bone plates. (SH +6) [demonic ancestry]
  2797 | Sewer    | Reached XP level 6. HP: 34/49 MP: 6/6
  4051 | D:4      | Found Sifude's Jewellery Emporium.
  4202 | D:4      | Gained mutation: A weak demonic guardian rushes to your aid. [demonic ancestry]
  4202 | D:4      | Reached XP level 7. HP: 52/55 MP: 7/7
  4318 | D:4      | Found a shimmering altar of Xom.
  4331 | D:4      | Noticed Grinder
  4333 | D:4      | Paralysed by Grinder for 7 turns
  4348 | D:4      | Killed Grinder
  4348 | D:4      | Reached skill level 2 in Shields
  4435 | D:4      | Found a staircase to the Ecumenical Temple.
  4723 | D:5      | Entered Level 5 of the Dungeon
  4848 | D:5      | Reached **** piety under Trog
  5024 | D:5      | Reached skill level 1 in Stealth
  5026 | D:5      | Found Tiakol's Weapon Boutique.
  5160 | D:5      | Noticed Eustachio
  5177 | D:5      | Killed Eustachio
  5177 | D:5      | Reached XP level 8. HP: 61/61 MP: 8/8
  5288 | D:5      | Got a glittering glass ring
  5708 | D:6      | Reached skill level 5 in Maces & Flails
  5905 | D:6      | Identified the cursed ring of Suspicion {AC-5 Stlth+} (You found it on level 5 of the Dungeon)
  5978 | D:6      | Reached skill level 3 in Shields
  5981 | D:6      | Reached skill level 5 in Fighting
  5991 | D:6      | Reached skill level 5 in Armour
  6179 | D:6      | Found a shattered altar of Ashenzari.
  6185 | D:6      | Found Byuq's Book Emporium.
  6291 | D:6      | Found a white marble altar of Elyvilon.
  6509 | D:6      | Found a hide-covered altar of Uskayaw.
  6624 | D:6      | Found a runed door.
  6629 | D:6      | Noticed Crazy Yiuf
  6632 | D:6      | Killed Crazy Yiuf
  6710 | D:6      | Reached skill level 1 in Long Blades
  7079 | D:7      | Found a shadowy altar of Dithmenos.
  7079 | D:7      | Found a radiant altar of Vehumet.
  7124 | D:7      | Gained mutation: You have a pair of small horns on your head. [demonic ancestry]
  7124 | D:7      | Reached XP level 9. HP: 68/68 MP: 9/9
  7547 | D:7      | Reached ***** piety under Trog
  7632 | D:7      | Reached skill level 4 in Shields
  7711 | D:7      | Noticed a cyclops
  7719 | D:7      | Killed a cyclops
  7893 | D:7      | Received a gift from Trog
  8387 | D:8      | Gained mutation: You regenerate a little health from kills. [demonic ancestry]
  8387 | D:8      | Reached XP level 10. HP: 77/77 MP: 10/10
  8467 | D:8      | Reached skill level 5 in Shields
  8531 | D:8      | Noticed Jessica
  8532 | D:8      | Noticed Prince Ribbit
  8542 | D:8      | Killed Prince Ribbit
  8544 | D:8      | Killed Jessica
  8552 | D:8      | Found a deep blue altar of Sif Muna.
  8779 | D:8      | Found a staircase to the Lair.
  8906 | D:8      | Noticed Erica
  8918 | D:8      | Killed Erica
  9056 | D:9      | Found Byjeumo's Armour Emporium.
  9166 | D:9      | Found Qijaung's Assorted Antiques.
  9188 | D:9      | Bought a scroll of identify for 60 gold pieces
  9188 | D:9      | Bought an embroidered hat for 210 gold pieces
  9188 | D:9      | Bought a scroll of identify for 60 gold pieces
  9205 | D:9      | Noticed a two-headed ogre
  9211 | D:9      | Killed a two-headed ogre
  9318 | D:9      | Found Exil's Book Emporium.
  9500 | D:9      | Found Zurhum's General Store.
  9508 | D:9      | Reached skill level 6 in Shields
  9551 | D:9      | Found a blossoming altar of Fedhas.
  9704 | D:9      | Bought a scroll of identify for 28 gold pieces
  9804 | D:10     | Entered Level 10 of the Dungeon
 10075 | D:10     | Gained mutation: You have a pair of horns on your head. [demonic ancestry]
 10075 | D:10     | Reached XP level 11. HP: 83/84 MP: 11/11
 10155 | D:10     | Found a shimmering altar of Xom.
 10181 | D:10     | Found a staircase to the Orcish Mines.
 10295 | D:10     | Noticed an orc sorcerer
 10301 | D:10     | Noticed a sixfirhy
 10307 | D:10     | Killed an orc sorcerer
 10307 | D:10     | Received a gift from Trog
 10534 | Orc:1    | Entered Level 1 of the Orcish Mines
 10668 | Orc:2    | Entered Level 2 of the Orcish Mines
 11114 | Orc:2    | Noticed a two-headed ogre
 11127 | Orc:2    | Killed a two-headed ogre
 11127 | Orc:2    | Reached skill level 7 in Shields
 11484 | Orc:2    | Noticed a two-headed ogre
 11486 | Orc:2    | Noticed a two-headed ogre
 11491 | Orc:2    | Killed a two-headed ogre
 11493 | Orc:2    | Killed a two-headed ogre
 11729 | Orc:2    | Found a roughly hewn altar of Beogh.
 11754 | Orc:2    | Noticed an orc knight
 11754 | Orc:2    | Noticed an orc sorcerer
 11769 | Orc:2    | Killed an orc sorcerer
 11774 | Orc:2    | Killed an orc knight
 11870 | Orc:2    | Noticed an orc sorcerer
 11880 | Orc:2    | Killed an orc sorcerer
 11909 | Orc:2    | Found Zatinwim's Antique Weapon Boutique.
 11909 | Orc:2    | Noticed an orc knight
 11920 | Orc:2    | Killed an orc knight
 11920 | Orc:2    | Reached skill level 8 in Shields
 11937 | Orc:2    | Bought an encrusted war axe for 246 gold pieces
 11937 | Orc:2    | Identified the +7 war axe "Lyxum" {speed, +Rage +Inv rN+ SInv} (You bought it in a shop on level 2 of the Orcish Mines)
 11947 | Orc:2    | Found Zis Taer's Food Shop.
 11947 | Orc:2    | Noticed an orc knight
 12111 | Orc:2    | Upgraded the game from 0.20-a0-893-g832831a to 0.20-a0-899-g09a9bfb
 12155 | Orc:2    | Noticed a two-headed ogre
 12161 | Orc:2    | Killed a two-headed ogre
 12161 | Orc:2    | Reached XP level 12. HP: 68/94 MP: 12/12
 12518 | Orc:2    | Reached skill level 1 in Axes
 12901 | Orc:2    | Received a gift from Trog
 13089 | Orc:2    | Noticed an orc high priest
 13108 | Orc:2    | Killed an orc high priest
 13234 | Orc:2    | Noticed an orc warlord
 13265 | Orc:2    | Killed an orc warlord
 13307 | Orc:2    | Found a roughly hewn altar of Beogh.
 13333 | Orc:2    | Found Tyahuwas's Antique Weapon Emporium.
 13333 | Orc:2    | Noticed an orc high priest
 13346 | Orc:2    | Killed an orc high priest
 13346 | Orc:2    | Reached skill level 5 in Axes
 13429 | Orc:2    | Noticed an orc high priest
 13433 | Orc:2    | Found Taqeluta's General Store.
 13439 | Orc:2    | Killed an orc high priest
 13501 | Orc:2    | Noticed an orc high priest
 13517 | Orc:2    | Killed an orc high priest
 13665 | Orc:2    | Noticed a two-headed ogre
 13666 | Orc:2    | Noticed a two-headed ogre
 13666 | Orc:2    | Noticed a two-headed ogre
 13666 | Orc:2    | Noticed a two-headed ogre
 13667 | Orc:2    | Noticed a two-headed ogre
 13668 | Orc:2    | Noticed an ogre mage
 13668 | Orc:2    | Noticed a two-headed ogre
 13672 | Orc:2    | Killed a two-headed ogre
 13672 | Orc:2    | Received a gift from Trog
 13675 | Orc:2    | Killed a two-headed ogre
 13677 | Orc:2    | Killed a two-headed ogre
 13679 | Orc:2    | Killed a two-headed ogre
 13682 | Orc:2    | Killed a two-headed ogre
 13684 | Orc:2    | Killed a two-headed ogre
 13684 | Orc:2    | Gained mutation: You regenerate health from kills. [demonic ancestry]
 13684 | Orc:2    | Reached XP level 13. HP: 75/101 MP: 13/13
 13877 | Orc:2    | Found a staircase to the Elven Halls.
 14336 | Orc:1    | Reached skill level 10 in Fighting
 14343 | Orc:1    | Received a gift from Trog
 14346 | Orc:1    | Reached ****** piety under Trog
 14384 | Orc:1    | Found Poamotsa's Book Shoppe.
 14416 | Orc:1    | Reached skill level 9 in Shields
 15214 | D:11     | Noticed Zitu's ghost (journeyman DrAK)
 15224 | D:11     | Killed Zitu's ghost
 15640 | D:11     | Noticed Erolcha
 15666 | D:11     | Killed Erolcha
 15732 | D:11     | Noticed Harold
 15757 | D:11     | Killed Harold
 16266 | D:12     | Reached skill level 10 in Axes
 16496 | D:12     | Received a gift from Trog
 16673 | D:12     | Noticed blobert's ghost (journeyman GrFi)
 16697 | D:12     | Killed blobert's ghost
 17162 | Lair:1   | Entered Level 1 of the Lair of Beasts
 17410 | Lair:1   | Reached XP level 14. HP: 104/111 MP: 14/14
 17719 | Lair:1   | You fall through a shaft!
 17972 | Lair:1   | Got a pair of jewelled gloves
 17978 | Lair:1   | Identified the +2 pair of gloves of Relativism {rElec rC- rCorr Int+3} (You found it on level 1 of the Lair of Beasts)
 18314 | Lair:2   | Found a staircase to the Shoals.
 19304 | Lair:2   | Upgraded the game from 0.20-a0-899-g09a9bfb to 0.20-a0-901-g27f6fa8
 19348 | Lair:3   | Received a gift from Trog
 19447 | Lair:3   | Reached skill level 10 in Maces & Flails
 19531 | Lair:3   | Noticed Snorg
 19550 | Lair:3   | Killed Snorg
 19893 | Lair:3   | Reached skill level 10 in Shields
 19910 | Lair:3   | Reached skill level 10 in Armour
 20556 | Lair:4   | Found a hole to the Spider Nest.
 21656 | Lair:5   | Found a viscous altar of Jiyva.
 21658 | Lair:5   | Received a gift from Trog
 21678 | Lair:5   | Found a staircase to the Slime Pits.
 22328 | Lair:5   | Received a gift from Trog
 22601 | Lair:6   | Entered Level 6 of the Lair of Beasts
 22741 | Lair:6   | Reached skill level 11 in Shields
 22851 | Lair:6   | Noticed Kirke
 22853 | Lair:6   | Found a frozen archway.
 22876 | Lair:6   | Killed Kirke
 22888 | Lair:6   | Reached XP level 15. HP: 118/118 MP: 15/15
 23023 | IceCv    | Entered an ice cave
 23667 | IceCv    | Received a gift from Trog
 24033 | IceCv    | Reached skill level 5 in Dodging
 24195 | IceCv    | Got a slimy demon trident
 24196 | IceCv    | Identified the +7 demon trident of Mourning {venom, Dex+5 SInv} (You found it in an ice cave)
 24478 | Lair:6   | Received a gift from Trog
 24794 | Lair:6   | Found a runed door.
 25059 | Lair:6   | Paralysed by a hornet for 3 turns
 25279 | Lair:6   | Reached skill level 5 in Polearms
 25429 | Lair:6   | Received a gift from Trog
 25683 | Lair:6   | Reached skill level 12 in Shields
 26454 | D:9      | Bought the amulet of Vitality {Regen+ HP+15} for 1106 gold pieces
 26995 | D:13     | Found a gate to the Vaults.
 27232 | D:13     | Got an ivory flail
 27233 | D:13     | Identified the cursed +1 flail of Amorality {crush, rPois SInv} (You found it on level 13 of the Dungeon)
 27590 | D:14     | Gained mutation: You regenerate a lot of health from kills. [demonic ancestry]
 27590 | D:14     | Reached XP level 16. HP: 127/127 MP: 16/16
 28365 | D:15     | Entered Level 15 of the Dungeon
 28467 | D:15     | Received a gift from Trog
 28500 | D:15     | Got a spiked leather armour
 28511 | D:15     | Identified the cursed +1 leather armour "Ifregheg" {-Tele rF+ rC+ MR+} (You found it on level 15 of the Dungeon)
 28572 | D:15     | Found Neom's Antique Armour Shoppe.
 28863 | D:15     | Got a fine spear
 28940 | D:15     | Identified the +7 spear of Agony {protect, rPois Str+3 Int-4} (You found it on level 15 of the Dungeon)
 29486 | D:15     | Found a staircase to the Depths.
 29507 | Depths:1 | Entered Level 1 of the Depths
 29507 | Depths:1 | Found a gateway to Hell.
 29552 | Depths:1 | Noticed Jorgrun
 29564 | Depths:1 | Killed Jorgrun
 29564 | Depths:1 | Received a gift from Trog
 29665 | Depths:1 | Reached skill level 10 in Polearms
 29669 | Depths:1 | Noticed a sphinx
 29703 | Depths:1 | Killed a sphinx
 30173 | Depths:1 | Found a one-way gate to the infinite horrors of the Abyss.
 30381 | Depths:1 | Gained mutation: You are completely covered in large bone plates. (SH +8) [demonic ancestry]
 30381 | Depths:1 | Reached XP level 17. HP: 134/135 MP: 17/17
 30420 | Depths:1 | Reached skill level 13 in Shields
 30902 | Depths:1 | Noticed a hellephant
 31092 | Depths:1 | Killed a hellephant
 31901 | Shoals:1 | Entered Level 1 of the Shoals
 32166 | Shoals:1 | Received a gift from Trog
 32249 | Shoals:1 | Noticed a kraken
 32286 | Shoals:1 | Killed a kraken
 32602 | Shoals:1 | Received a gift from Trog
 34443 | Shoals:3 | Noticed Bai Suzhen
 34461 | Shoals:3 | Killed Bai Suzhen
 34921 | Shoals:4 | Entered Level 4 of the Shoals
 34991 | Shoals:4 | Noticed Ilsuiw
 35014 | Shoals:4 | Killed Ilsuiw
 35014 | Shoals:4 | Reached XP level 18. HP: 144/144 MP: 18/18
 35159 | Shoals:4 | Reached skill level 14 in Shields
 35456 | Shoals:4 | Got an ancient plate armour
 35509 | Shoals:4 | Got a transparent dagger
 35510 | Shoals:4 | Identified the cursed +3 dagger "Othaoj" {pierce, rF+ rC+ Str+4} (You found it on level 4 of the Shoals)
 35521 | Shoals:4 | Identified the +2 plate armour "Higg" {Str+2 Int+2 Dex-5 Stlth+} (You found it on level 4 of the Shoals)
 35981 | Shoals:4 | Received a gift from Trog
 36009 | Shoals:4 | Reached skill level 5 in Stealth
 36334 | Shoals:4 | Got a barnacled rune of Zot
 36683 | Shoals:4 | Found Cihasets's Food Shop.
 37047 | Spider:1 | Entered Level 1 of the Spider Nest
 38232 | Spider:2 | Received a gift from Trog
 38839 | Spider:3 | Reached skill level 15 in Shields
 39413 | Spider:3 | Gained mutation: Your magical and physical power is slightly enhanced at high health. [demonic ancestry]
 39413 | Spider:3 | Reached XP level 19. HP: 128/153 MP: 19/19
 39633 | Spider:3 | Received a gift from Trog
 39919 | Spider:4 | Entered Level 4 of the Spider Nest
 40045 | Spider:4 | Noticed Louise
 40071 | Spider:4 | Killed Louise
 40136 | Spider:4 | Got a fine trident
 40146 | Spider:4 | Identified the +9 trident of the Endless Expanse {pierce, Int+4} (You found it on level 4 of the Spider Nest)
 40250 | Spider:4 | Paralysed by a hornet for 3 turns
 40267 | Spider:4 | Received a gift from Trog
 40449 | Spider:4 | Got a gossamer rune of Zot
 40644 | Spider:4 | Reached skill level 16 in Shields
 41395 | Vaults:1 | Entered Level 1 of the Vaults
 41472 | Vaults:1 | Reached skill level 15 in Fighting
 41793 | Vaults:1 | Received a gift from Trog
 41892 | Vaults:1 | Found Fomo's Food Emporium.
 43220 | Vaults:2 | Reached XP level 20. HP: 146/163 MP: 20/20
 43308 | Vaults:2 | Got a faintly humming large shield
 43319 | Vaults:2 | Identified the +9 large shield of Leoclued {-Tele +Fly rElec Int+4} (You found it on level 2 of the Vaults)
 43530 | Vaults:2 | Noticed Aizul
 43545 | Vaults:2 | Killed Aizul
 43605 | Vaults:2 | Received a gift from Trog
 43682 | Vaults:2 | Noticed Boris
 43697 | Vaults:2 | Killed Boris
 43714 | Vaults:2 | Found Ciecw's Weapon Shoppe.
 44095 | Vaults:2 | Reached skill level 17 in Shields
 44781 | Vaults:3 | Received a gift from Trog
 44825 | Vaults:3 | Reached skill level 15 in Polearms
 45244 | Vaults:3 | Received a gift from Trog
 46168 | Vaults:3 | Received a gift from Trog
 46168 | Vaults:3 | Reached skill level 18 in Shields
 46168 | Vaults:3 | Reached XP level 21. HP: 172/172 MP: 21/21
 46234 | Vaults:3 | Found a staircase to the Crypt.
 46460 | Vaults:3 | Found Paopsuk's Assorted Antiques.
 46498 | Vaults:3 | Bought a potion of heal wounds for 135 gold pieces
 46498 | Vaults:3 | Bought a scroll of remove curse for 81 gold pieces
 46498 | Vaults:3 | Bought a yellow potion for 24 gold pieces
 46498 | Vaults:3 | Bought a scroll of enchant armour for 202 gold pieces
 46498 | Vaults:3 | Bought a crystal war axe for 229 gold pieces
 46498 | Vaults:3 | Bought a yellow potion for 24 gold pieces
 46498 | Vaults:3 | Bought a potion of curing for 81 gold pieces
 46507 | Vaults:3 | Identified the +4 war axe "Papoegif" {antimagic, MR+} (You bought it in a shop on level 3 of the Vaults)
 47465 | Vaults:4 | Got a steaming garnet amulet
 47467 | Vaults:4 | Identified the amulet of the Lost Beds {Faith Str+7 Int-5 Dex+10 Stlth-} (You found it on level 4 of the Vaults)
 47788 | Vaults:4 | Received a gift from Trog
 47791 | Vaults:4 | Got a brightly glowing longbow {god gift}
 47797 | Vaults:4 | Identified the +7 longbow of Trog's Hatred {freeze, Str+6} (Trog gifted it to you on level 4 of the Vaults)
 48058 | Vaults:5 | Entered Level 5 of the Vaults
 48104 | Vaults:5 | Noticed Jory
 48105 | Vaults:5 | Noticed a golden dragon
 48106 | Vaults:5 | Noticed Flapstick's ghost (adept MiBe)
 48250 | Vaults:5 | Killed Flapstick's ghost
 48254 | Vaults:5 | Killed a golden dragon
 48254 | Vaults:5 | Reached skill level 19 in Shields
 48264 | Vaults:5 | Killed Jory
 48274 | Vaults:5 | HP: 4/174 [ettin/dire flail (33)]
 48275 | Vaults:5 | Killed from afar by a titan

Vault maps used:
D:1:      lightli_arrival_flooded_house, minmay_tromino_mix6
D:2:      cheibrodos_helix_gallery, cheibriados_altar_1, tso_metal_star,
          nicolae_overflow_quartered_altars, first_bread
D:3:      portal_sewer_entry_a, corexii_corridor_pit
D:4:      kennysheep_mini, minmay_temple_entry_enclosed_plants, serial_shops,
          nicolae_shop_stone, uniq_grinder
D:5:      serial_shops, shop, uniq_eustachio
D:6:      kennysheep_mini_moat, nicolae_overflow_crystal_walls, basic_altar,
          serial_shops, nicolae_shop_temple_entry_statues_fountains,
          uniq_crazy_yiuf_cottage
D:7:      gammafunk_temple_overflow_pools, grunt_livestock
D:8:      tgw_sif, lair_entry_dummy, uniq_erica, uniq_prince_ribbit1
D:9:      fedhas_altar_4, serial_shops, nicolae_shop_crystal, shop, shop,
          nicolae_shop_overgrown_old_shop
D:10:     orc_0_dummy, basic_altar
D:11:     uniq_harold, uniq_erolcha
D:12:     spider_trap
D:13:     erik_vaults_2
D:14:     st_stairs_14
D:15:     gammafunk_enter_depths_forms, serial_shops, nicolae_shop_waterfront,
          minmay_misc_feat_nine_boxes
Lair:1:   hibernation_bobbens, grunt_megastairs_2, serial_bayou_shore_a
Lair:2:   shoals_dummy_entry, grunt_megastairs_3
Lair:3:   nicolae_lair_grove_arrangements, grunt_megastairs_1, uniq_snorg
Lair:4:   dummy_spider_entry
Lair:5:   slime_altar_1, nicolae_quartered_pool_super, lemuel_fruit_tree
Lair:6:   wormcave, hangedman_lair_tendril_chambers,
          portal_ice_cave_entry_ice_beasts, special_room, ice2_lemuel,
          uniq_kirke
Shoals:3: uniq_bai_suzhen
Shoals:4: shoals_end_hangedman, shoal_ilsuiw, serial_shops, shop,
          nicolae_shoals_aquamancer_cove
Spider:1: guppyfry_spider_mini_2
Spider:2: nicolae_spider_cling_ruins
Spider:3: cheibrodos_forgotten_conduit, nicolae_spider_cling_halls
Spider:4: guppyfry_spider_rune, uniq_louise
Orc:1:    serial_shops, shop_fountains, special_room, nicolae_orc_pool_cavern
Orc:2:    pubby_orc_utopia
Vaults:1: hangedman_vaults_snaps, vaults_mumra_minichess, ontoclasm_vaults_spin,
          vaults_mumra_lcd, v_alt_pattern_5, v_misc_29,
          vaults_standard_mumra_enter_the_diamond, vaults_room_hallway,
          serial_shops, shop
Vaults:2: v_misc_13, hangedman_vaults_nodes, nicolae_vaults_little_squares_6,
          nicolae_vaults_halls_meeting, dpeg_vaults_monster_row, v_rooms_1,
          stair_cage_open, vaults_room_corners, serial_shops, shop, uniq_boris,
          uniq_aizul
Vaults:3: nicolae_vaults_yaktaur_gun_rack, vaults_room_pools,
          minmay_crypt_entry_simple_walls, nicolae_vaults_arrows,
          v_alt_pattern_1, vaults_room_door_hall, hangedman_vaults_maws,
          vaults_dpeg_hooks, v_pattern_1, nicolae_vaults_little_squares_4,
          v_misc_5, v_alt_pattern_3, grunt_vaults_diagonal,
          nicolae_vaults_ring_of_whatevers, v_misc_16, serial_shops,
          nicolae_shop_waterfront
Vaults:4: nicolae_vaults_network_star, v_pattern_4, vaults_room_fours,
          ontoclasm_vaults_ring_large, nicolae_vaults_network_quincunx,
          nicolae_vaults_circle_grid_b, hangedman_vaults_stitches,
          ontoclasm_vaults_ring_small, v_misc_2, st_more_cells,
          vaults_dpeg_diagonal, serial_ice_m
Vaults:5: uniq_jory
Depths:1: dk_noncrumbling_2, hell_entry, abyss_entry, minmay_misc_feat_tiny,
          st_stairs_6, lemuel_old_faithful, uniq_jorgrun
Sewer:    sewer_frog_island_01
IceCv:    ice_cave_small_demon

Skill      XL: |  1  2  3  4  5  6  7  8  9 10 11 12 13 14 15 16 17 18 19 20 21 |
---------------+----------------------------------------------------------------+-----
Dodging        | 2 3 4 5 |  5.0
Armour         | 2 3 4 5 6 7 8 9 10 11 12 13 | 13.8
Maces & Flails | 1 2 3 4 5 7 9 11 | 11.2
Fighting       | 4 5 6 7 8 9 10 11 12 13 14 15 16 17 | 17.1
Shields        | 1 2 3 4 6 8 9 11 12 13 15 16 18 19 | 19.1
Stealth        | 1 2 3 4 5 6 |  6.3
Long Blades    | 1 4 |  4.9
Axes           | 7 10 | 10.7
Polearms       | 7 11 12 14 15 | 15.7

Action                   |  1- 3 |  4- 6 |  7- 9 | 10-12 | 13-15 | 16-18 | 19-21 || total
-------------------------+-------+-------+-------+-------+-------+-------+-------++-------
Melee: Spear             |    48 |       |       |       |       |       |    62 ||   110
       Whip              |    66 |   238 |   132 |   416 |   829 |       |       ||  1681
       Scimitar          |       |       |   144 |       |       |       |       ||   144
       Headbutt          |       |       |    23 |   161 |   531 |   618 |   703 ||  2036
       War axe           |       |       |       |   250 |   375 |       |       ||   625
       Demon trident     |       |       |       |       |   509 |  1888 |  1853 ||  4250
Invok: Berserk           |     1 |     2 |     7 |    11 |    10 |    14 |     6 ||    51
       Burn Spellbooks   |       |     1 |     1 |       |     2 |     5 |     3 ||    12
       Trog's Hand       |       |       |       |     1 |       |       |       ||     1
       Brothers in Arms  |       |       |       |     1 |       |       |       ||     1
  Use: Scroll            |       |     6 |    10 |    12 |    20 |    11 |     6 ||    65
       Potion            |       |     2 |       |     2 |       |     3 |     7 ||    14
 Stab: Distracted        |       |       |     1 |     6 |    13 |    22 |    18 ||    60
       Petrified         |       |       |       |       |       |     3 |       ||     3
  Eat: Chunk             |     2 |    10 |    15 |    20 |    29 |    12 |     1 ||    89
       Royal jelly       |       |     1 |     1 |     4 |       |       |       ||     6
       Meat ration       |       |       |     1 |       |     4 |     6 |     7 ||    18
       Bread ration      |       |       |     1 |       |       |       |       ||     1
       Fruit             |       |       |       |       |    14 |    13 |     3 ||    30
Armor: Animal skin       |     4 |       |       |       |       |       |       ||     4
       Ring mail         |    50 |    75 |       |       |       |       |       ||   125
       Chain mail        |       |    11 |       |    12 |       |       |       ||    23
       Plate armour      |       |       |   106 |   178 |   451 |       |       ||   735
       Crystal plate arm |       |       |       |       |   226 |   996 |   752 ||  1974
Dodge: Dodged            |   106 |   118 |    61 |   158 |   425 |   489 |   364 ||  1721
Block: Other             |    16 |     2 |       |       |       |       |       ||    18
       Buckler           |       |    99 |   138 |   357 |  1130 |  1593 |   727 ||  4044
       Large shield      |       |       |       |       |       |       |  1594 ||  1594
       Rpst.: Scimitar   |       |       |    14 |       |       |       |       ||    14
